 Dungeon Crawl Stone Soup version 0.28-b1 (webtiles) character file.

Game seed: 2892043348730799752

305 Kaptain the Magician (level 6, -2/44 HPs)
             Began as a Djinni Conjurer on Jan 26, 2022.
             Slain by an orc priest (4 damage)
             ... on level 4 of the Dungeon.
             The game lasted 00:09:49 (5894 turns).

Kaptain the Magician (Djinni Conjurer)              Turns: 5894, Time: 00:09:50

Health: -2/44      AC:  3    Str:  6    XL:     6   Next: 67%
Gold:   266        EV: 16    Int: 22    God:
                   SH:  0    Dex: 11

rFire   + + .      SeeInvis .   p - +3 long sword
rCold   x . .      Faith    .   (no shield)
rNeg    . . .      Spirit   .   o - +0 leather armour
rPois   ∞          Reflect  .   (no helmet)
rElec   .          Harm     .   (no cloak)
rCorr   .          Rampage  .   (no gloves)
Will    +....                   (boots unavailable)
Stlth   ++........              (no amulet)
HPRegen 0.14/turn               m - +4 ring of evasion
MPRegen 0.00/turn               (no ring)

@: flying
A: sickness immunity, fire resistance 2, cold vulnerability 1, float, innate
caster, hp casting, extra vitality 1, strong-willed 1, evolution 1, MP-powered
wands
a: no special abilities


You were on level 4 of the Dungeon.
You visited 1 branch of the dungeon, and saw 4 of its levels.

You collected 266 gold pieces.

Inventory:

Hand Weapons
 g - a +0 quarterstaff
 k - a +2 dagger of holy wrath
 l - a +2 hunting sling of freezing
 n - a +4 dagger
 p - a +3 long sword (weapon)
Missiles
 b - 14 bolts
 f - 150 stones
 j - 4 poisoned darts
Armour
 a - a +0 robe
 o - a +0 leather armour (worn)
Jewellery
 m - a +4 ring of evasion (left hand)
Scrolls
 c - 4 scrolls of teleportation
 d - a scroll of summoning
 e - 4 scrolls of identify
 i - 2 scrolls of immolation {unknown}


   Skills:
 + Level 2.3 Fighting
 + Level 2.1 Armour
 + Level 3.4 Dodging
 + Level 2.6 Stealth
 * Level 4.3 Spellcasting


You couldn't memorise any spells.
You knew the following spells:

 Your Spells              Type           Power      Damage    Failure   Level
a - Magic Dart            Conj           92%        1d7       2%          1
b - Searing Ray           Conj           46%        2d6       4%          2
c - Dazzling Flash        Conj/Hex       46%        N/A       9%          3
d - Fulminant Prism       Conj/Hex       11%        3d9       26%         4
e - Iskenderun's Mystic   Conj/Tloc      23%        2d6       26%         4
f - Shock                 Conj/Air       92%        1d8       2%          1
g - Ensorcelled Hibernat  Hex/Ice        46%        N/A       4%          2
Your spell library was empty.

Dungeon Overview and Level Annotations

Branches:
Dungeon (4/15)
 Temple: D:4-7

Altars:
Dithmenos
Okawaru
Xom


Innate Abilities, Weirdness & Mutations

You are immune to sickness and miasma.
You are immune to poison.
Your flesh is very heat resistant. (rF++)
You are vulnerable to cold. (rC-)
You float through the air rather than walking.
You learn spells naturally, not from books.
Your magical power is your life essence.
You have superior vitality. (+4 MHP)
You are strong-willed. (Will+)
You have hidden genetic potential.
You expend health (3 HP) to strengthen your wands.


Message History

The orc priest mumbles some strange prayers to Beogh against you.
Beogh smites you!
* * * LOW HITPOINT WARNING * * *
Casting: Dazzling Flash (dangerous; 9% risk of failure)
Confirm with . or Enter, or press ? or * to list all spells.
Aiming: Magic Dart (safe; 2% risk of failure)
Press: ? - help, Shift-Dir - straight line, f - orc priest
Aim: an orc priest, wielding a +0 mace (lightly wounded, 100% to hit)
The magic dart hits the orc priest.
The orc priest is moderately wounded.
* * * LOW HITPOINT WARNING * * *
Something hits you.
* * * LOW HITPOINT WARNING * * *
Casting: Magic Dart (safe; 2% risk of failure)
Confirm with . or Enter, or press ? or * to list all spells.
Aiming: Magic Dart (safe; 2% risk of failure)
Press: ? - help, Shift-Dir - straight line, f/p - orc priest
Aim: an orc priest, wielding a +0 mace (moderately wounded, 100% to hit)
The magic dart hits the orc priest.
The orc priest is heavily wounded.
* * * LOW HITPOINT WARNING * * *
The orc priest looks braver for a moment.
Something hits you but does no damage.
Okay, then.
Unknown command.
It was a potion of mutation.
You feel extremely strange.
You feel your magical essence link to the dungeon's wands.
You feel strong-willed.
You feel a hidden potential growing inside you.
The orc priest misses you. Something hits you.
* * * LOW HITPOINT WARNING * * *
Unknown command.
Casting: Magic Dart (safe; 2% risk of failure)
Confirm with . or Enter, or press ? or * to list all spells.
Aiming: Magic Dart (safe; 2% risk of failure)
Press: ? - help, Shift-Dir - straight line, p - orc priest The magic dart hits something.
* * * LOW HITPOINT WARNING * * *
The orc priest hits you with a +0 mace.
You die...

...'.....#....o#..........#
...#.....#.....#..........#
...#.....#.....'..........#
...#.....#.....#..........#
...#.....#.....#).........#
...#.....#######).........#
...#......................#
####...........o{.........#
................@.........#
..........................#
.........>................#
..........................#
..........................#
..........................#
######'##.................#
....#...#.................#
....#...#.................#


You could see an orc priest.

Vanquished Creatures
  A howler monkey (D:4)
  A hound (D:3)
  An iguana (D:4)
  6 gnolls
  7 adders
  An adder skeleton (D:3)
  4 worms
  3 dart slugs
  2 orcs
  5 ball pythons
  6 endoplasms
  3 giant cockroaches
  7 goblins
  8 hobgoblins
  6 jackals
  A quokka (D:1)
  4 bats
  A frilled lizard (D:1)
  3 kobolds
  6 rats
76 creatures vanquished.

Notes
Turn   | Place    | Note
-------+----------+-------------------------------------------
     0 | D:1      | Kaptain the Djinni Conjurer began the quest for the Orb.
     0 | D:1      | Reached XP level 1. HP: 15/15 MP: 0/0
    63 | D:1      | Found a faded altar of an unknown god.
   349 | D:1      | Reached XP level 2. HP: 16/22 MP: 0/0
  1418 | D:1      | Reached XP level 3. HP: 21/26 MP: 0/0
  1418 | D:1      | Learned a level 1 spell: Shock
  1897 | D:2      | Reached skill level 1 in Fighting
  2335 | D:2      | Reached skill level 1 in Armour
  2472 | D:2      | Reached XP level 4. HP: 29/32 MP: 0/0
  3810 | D:3      | Reached XP level 5. HP: 14/37 MP: 0/0
  3810 | D:3      | Learned a level 2 spell: Ensorcelled Hibernation
  4103 | D:3      | Reached skill level 4 in Spellcasting
  4674 | D:3      | Found a shimmering altar of Xom.
  4676 | D:3      | Found an iron altar of Okawaru.
  4676 | D:3      | Found a shadowy altar of Dithmenos.
  5017 | D:4      | Reached XP level 6. HP: 37/43 MP: 0/0
  5893 | D:4      | Gained mutation: You expend health (3 HP) to strengthen
                  | your wands. [potion of mutation]
  5893 | D:4      | Gained mutation: You are strong-willed. (Will+) [potion of
                  | mutation]
  5893 | D:4      | Gained mutation: You have hidden genetic potential. [potion
                  | of mutation]
  5893 | D:4      | HP: 2/44 [something (2)]
  5894 | D:4      | Slain by an orc priest

Illustrated notes

Levels and vault maps discovered:
D:1:      heliophobic_arrival_henge, layout_rooms, serial_curves,
          eino_curves_04, eino_curves_04, eino_curves_04, eino_curves_02,
          chequers_ecumenical_altar_simple_redux, minmay_split_cup_large
D:2:      layout_loops_corners
D:3:      layout_rooms, grunt_temple_overflow_diamond, palyth_stone_intersect
D:4:      layout_gridville

Skill      XL: |  1  2  3  4  5  6 |
---------------+-------------------+-----
Fighting       | 1 2 |  2.3
Stealth        | 2 |  2.6
Armour         | 1 2 |  2.1
Dodging        | 3 |  3.4
Spellcasting   | 4 |  4.3

Action                   |  1- 3 |  4- 6 || total
-------------------------+-------+-------++-------
Melee: Dagger            |     3 |    10 ||    13
       Long sword        |       |    14 ||    14
 Fire: Hunting sling     |       |    12 ||    12
 Cast: Magic Dart        |    79 |   138 ||   217
       Dazzling Flash    |       |     2 ||     2
  Use: Scroll            |       |     4 ||     4
       Potion            |       |     3 ||     3
 Stab: Sleeping          |       |     1 ||     1
Armor: Robe              |     7 |     1 ||     8
       Leather armour    |       |    10 ||    10
Dodge: Dodged            |    17 |    58 ||    75
